[Event "ICC tourney 3198 (30 10)"]
[Site "Internet Chess Club"]
[Date "2023.05.20"]
[Round "3"]
[White "MAMMADOV, ZAUR:zaur94"]
[Black "DE LA COLINA, NICOLAS ALEJANDRO:Venom2020"]
[Result "1-0"]
[ICCResult "Black resigns"]
[WhiteElo "2541"]
[BlackElo "2316"]
[Opening "Sicilian: Alapin's variation (2.c3)"]
[ECO "B22"]
[NIC "SI.46"]
[Time "16:00:07"]
[PlyCount "63"]
[TimeControl "1800+10"]

1. e4 c5 2. c3 Nf6 3. e5 Nd5 4. Nf3 Nc6 5. d4 cxd4 6. cxd4 d6 7. Bc4 Nb6 8.
Bb3 dxe5 9. d5 Na5 10. Nc3 f6 11. Be3 g6 12. O-O Bg7 13. Nd2 O-O 14. a4 Kh8
15. Ba2 Qd6 16. Nde4 Qd8 17. Qe2 f5 18. Ng5 e4 19. Rfd1 f4 20. Bd2 h6 21.
Ngxe4 f3 22. gxf3 e6 23. b4 exd5 24. bxa5 dxe4 25. axb6 exf3 26. Qc4 Qxb6
27. Be3 Qf6 28. Rac1 Bf5 29. Qf4 Rac8 30. Nd5 Qb2 31. Rxc8 Bxc8 32. Qxf8+
{Black resigns}
1-0

[Event "ICC tourney 3198 (30 10)"]
[Site "Internet Chess Club"]
[Date "2023.05.20"]
[Round "3"]
[White "SRIPADA, Havish:brilliantnessme"]
[Black "QI, JENNY:eevee11"]
[Result "1/2-1/2"]
[ICCResult "Game drawn by repetition"]
[WhiteElo "2142"]
[BlackElo "1807"]
[Opening "Sicilian: Najdorf"]
[ECO "B90"]
[NIC "SI.14"]
[Time "16:00:04"]
[PlyCount "103"]
[TimeControl "1800+10"]

1. e4 c5 2. Nf3 d6 3. d4 cxd4 4. Nxd4 Nf6 5. Nc3 a6 6. f3 e5 7. Nb3 Be6 8.
Be3 h5 9. Qd2 Nbd7 10. Nd5 Bxd5 11. exd5 g6 12. c4 Rc8 13. Na5 Qc7 14. Be2
Bg7 15. Rc1 O-O 16. O-O b6 17. Nc6 Nb8 18. Nxb8 Qxb8 19. b4 Rfe8 20. c5 dxc5
21. bxc5 bxc5 22. Bxa6 Rc7 23. Bxc5 Rxc5 24. Rxc5 Qa7 25. Rc1 Nd7 26. Qf2
Nxc5 27. Bb5 Rc8 28. d6 Bf8 29. d7 Rd8 30. Rd1 Qb7 31. a4 Nxd7 32. Qd2 Bc5+
33. Kh1 Bd4 34. Qg5 Rb8 35. Bc4 Kg7 36. Bb5 Nc5 37. h3 Ne6 38. Qg3 Nc7 39.
Bc4 Qa7 40. Kh2 Qxa4 41. Rxd4 exd4 42. Qe5+ Kg8 43. Bxf7+ Kxf7 44. Qxc7+ Ke6
45. Qxb8 Qd7 46. Qg8+ Kf6 47. Qf8+ Ke6 48. Qg8+ Qf7 49. Qc8+ Qd7 50. Qg8+
Qf7 51. Qc8+ Qd7 52. Qg8+ {Game drawn by repetition} 1/2-1/2

[Event "ICC tourney 3198 (30 10)"]
[Site "Internet Chess Club"]
[Date "2023.05.20"]
[Round "3"]
[White "HANKE, HARVEY:ThinkingPanda"]
[Black "SIMPSON, MICHAEL:MichaelSimpson"]
[Result "0-1"]
[ICCResult "White checkmated"]
[WhiteElo "1884"]
[BlackElo "2100"]
[Opening "Sicilian: Grand Prix attack"]
[ECO "B23"]
[NIC "SI.44"]
[Time "16:01:22"]
[PlyCount "92"]
[TimeControl "1800+10"]

1. e4 c5 2. Nc3 Nc6 3. f4 g6 4. Nf3 Bg7 5. Bc4 e6 6. O-O Nge7 7. d3 O-O 8.
Qe1 d5 9. Bb3 Nd4 10. Nxd4 cxd4 11. Ne2 Bd7 12. exd5 exd5 13. Bd2 Re8 14.
Qf2 Qb6 15. Ng3 Rac8 16. h3 Qc5 17. Rae1 a5 18. a4 b5 19. axb5 Bxb5 20. f5
a4 21. f6 axb3 22. fxg7 f5 23. Qe2 Nc6 24. Qxe8+ Rxe8 25. Rxe8+ Kxg7 26.
cxb3 Qc2 27. Bf4 Qxd3 28. h4 Qc2 29. Rfe1 d3 30. Nf1 Qc5+ 31. Kh2 h6 32. Ng3
Qd4 33. Bd2 Qxh4+ 34. Kg1 Qxg3 35. Bc3+ d4 36. Bxd4+ Nxd4 37. R8e7+ Kf6 38.
R7e3 Nf3+ 39. Rxf3 Qxe1+ 40. Kh2 d2 41. g4 d1=Q 42. g5+ Kxg5 43. Rg3+ Qxg3+
44. Kxg3 f4+ 45. Kh2 Qe2+ 46. Kh3 Bd7# {White checkmated} 0-1

[Event "ICC tourney 3198 (30 10)"]
[Site "Internet Chess Club"]
[Date "2023.05.20"]
[Round "3"]
[White "Belous, Vladimir:Openyagami"]
[Black "Volkov, Sergey:Volkov"]
[Result "1/2-1/2"]
[ICCResult "Game drawn by mutual agreement"]
[WhiteElo "2594"]
[BlackElo "2503"]
[Opening "English: Caro-Kann defensive system"]
[ECO "A11"]
[NIC "EO.64"]
[Time "16:01:22"]
[PlyCount "159"]
[TimeControl "1800+10"]

1. c4 c6 2. Nf3 d5 3. e3 Nf6 4. Nc3 a6 5. b3 Bf5 6. Bb2 e6 7. Be2 h6 8. O-O
Bd6 9. d4 Nbd7 10. Bd3 Bxd3 11. Qxd3 O-O 12. e4 dxe4 13. Nxe4 Nxe4 14. Qxe4
Re8 15. Rad1 Qc7 16. Rfe1 Rad8 17. g3 Nf6 18. Qc2 Be7 19. Kg2 c5 20. d5 exd5
21. Bxf6 Bxf6 22. Rxe8+ Rxe8 23. Rxd5 Rd8 24. Qe4 Rxd5 25. Qxd5 g6 26. h4 h5
27. Nd2 Kg7 28. Ne4 Be7 29. Kf3 b5 30. Ke3 b4 31. f4 f5 32. Nd2 Bf6 33. Nf3
Qe7+ 34. Ne5 Kh7 35. Kf2 Kg7 36. Nc6 Qe8 37. Qxc5 Qe4 38. Ne5 Qc2+ 39. Kf3
Qe4+ 40. Kf2 Qc2+ 41. Kg1 Qd1+ 42. Kg2 Qe2+ 43. Qf2 Qe4+ 44. Qf3 Qc2+ 45.
Kh3 Bxe5 46. fxe5 Qxa2 47. Qb7+ Kh6 48. Qc8 Kg7 49. Qd7+ Kh8 50. Qd8+ Kh7
51. Qe7+ Kg8 52. Qe8+ Kg7 53. Qe7+ Kg8 54. Qf6 Qb1 55. Qxg6+ Kf8 56. Qf6+
Kg8 57. Qd8+ Kg7 58. Qd7+ Kf8 59. Qd6+ Ke8 60. Qb8+ Kf7 61. Qb7+ Ke8 62. Qf3
Ke7 63. c5 Qe4 64. Qxe4 fxe4 65. g4 a5 66. gxh5 e3 67. Kg2 a4 68. h6 e2 69.
Kf2 axb3 70. h7 b2 71. h8=Q e1=Q+ 72. Kxe1 b1=Q+ 73. Kd2 Qb2+ 74. Kd3 Qc3+
75. Ke4 Qc4+ 76. Kf5 Qd3+ 77. Kf4 Qd4+ 78. Kf5 Qd3+ 79. Kf4 Qd4+ 80. Kf5
{Game drawn by mutual agreement}
1/2-1/2

[Event "ICC tourney 3198 (30 10)"]
[Site "Internet Chess Club"]
[Date "2023.05.20"]
[Round "4"]
[White "MARKOVIC, GORAN:Goran21"]
[Black "QIAO, RICHARDSON JINGSI:Richardsonqiao"]
[Result "1-0"]
[ICCResult "Black checkmated"]
[WhiteElo "2049"]
[BlackElo "1573"]
[Opening "Ruy Lopez: Cozio defense deferred"]
[ECO "C70"]
[NIC "RL.09"]
[Time "18:16:08"]
[PlyCount "69"]
[TimeControl "1800+10"]

1. e4 e5 2. Nf3 Nc6 3. Bb5 a6 4. Ba4 Nge7 5. O-O g6 6. d4 exd4 7. Nxd4 b5 8.
Bb3 Bg7 9. c3 O-O 10. Bg5 h6 11. Nxc6 dxc6 12. Qxd8 Rxd8 13. Bxe7 Re8 14.
Bc5 Rxe4 15. Nd2 Re8 16. Rfe1 Bf5 17. a4 Red8 18. Nf3 Re8 19. axb5 axb5 20.
Rxa8 Rxa8 21. h3 Rd8 22. Re7 Be6 23. Bxe6 fxe6 24. Rxe6 Rd1+ 25. Kh2 Rb1 26.
Rxg6 Rxb2 27. Bd4 b4 28. Rxg7+ Kf8 29. cxb4 Rxb4 30. Rxc7 Rc4 31. Be5 Ke8
32. Bd6 Rd4 33. Nxd4 Kd8 34. Ne6+ Ke8 35. Re7# {Black checkmated} 1-0

[Event "ICC tourney 3198 (30 10)"]
[Site "Internet Chess Club"]
[Date "2023.05.20"]
[Round "4"]
[White "DE LA COLINA, NICOLAS ALEJANDRO:Venom2020"]
[Black "WILLY, STEPHEN:stephenwilly"]
[Result "1-0"]
[ICCResult "Black resigns"]
[WhiteElo "2316"]
[BlackElo "2118"]
[Opening "Giuoco Piano"]
[ECO "C50"]
[NIC "IG.02"]
[Time "18:00:23"]
[PlyCount "49"]
[TimeControl "1800+10"]

1. e4 e5 2. Nf3 Nc6 3. Bc4 Bc5 4. O-O Nf6 5. d4 Bxd4 6. Nxd4 Nxd4 7. f4 d6
8. fxe5 dxe5 9. Bg5 Qe7 10. Na3 Be6 11. c3 Nc6 12. Rf2 Bxc4 13. Bxf6 gxf6
14. Nxc4 Qc5 15. Qe2 O-O-O 16. b4 Qe7 17. Raf1 Rhg8 18. Rxf6 Rg7 19. Ne3
Rdg8 20. g3 Nd8 21. Kh1 Rg6 22. Nd5 Qf8 23. Qh5 c6 24. Qf5+ Kb8 25. Qxe5+
{Black resigns}
1-0

[Event "ICC tourney 3198 (30 10)"]
[Site "Internet Chess Club"]
[Date "2023.05.20"]
[Round "4"]
[White "Agrawal, Arvin:championfugman"]
[Black "VIDENA, DANIEL TUAPEN:Davide25"]
[Result "1-0"]
[ICCResult "Black resigns"]
[WhiteElo "1575"]
[BlackElo "1927"]
[Opening "Nimzo-Indian: three knights variation"]
[ECO "E21"]
[NIC "NI.28"]
[Time "18:00:33"]
[PlyCount "61"]
[TimeControl "1800+10"]

1. d4 Nf6 2. c4 e6 3. Nc3 Bb4 4. Nf3 c5 5. e3 d6 6. dxc5 Bxc5 7. Bd3 Nc6 8.
O-O O-O 9. a3 a6 10. b4 Ba7 11. Bb2 Qc7 12. Qc2 Rd8 13. Ne2 e5 14. Ng3 Be6
15. Ng5 g6 16. Nxe6 fxe6 17. b5 Na5 18. Bc3 Rac8 19. bxa6 bxa6 20. Bxa5 Qxa5
21. Qa2 Qc5 22. h3 Kg7 23. Rfc1 d5 24. cxd5 Qxc1+ 25. Rxc1 Rxc1+ 26. Kh2
exd5 27. Qb2 Rc6 28. Qb7+ Rd7 29. Qxc6 d4 30. Ne4 Rf7 31. Bc4 {Black
resigns} 1-0

[Event "ICC tourney 3198 (30 10)"]
[Site "Internet Chess Club"]
[Date "2023.05.20"]
[Round "4"]
[White "Cheng, Samuel:Samuel1001"]
[Black "YU, AVERY:Averyyu321"]
[Result "0-1"]
[ICCResult "White checkmated"]
[WhiteElo "1767"]
[BlackElo "1952"]
[Opening "QGD: Tartakower (Makagonov-Bondarevsky) system"]
[ECO "D58"]
[NIC "QO.10"]
[Time "18:00:07"]
[PlyCount "148"]
[TimeControl "1800+10"]

1. d4 d5 2. c4 e6 3. Nc3 Nf6 4. Bg5 Be7 5. e3 h6 6. Bh4 O-O 7. Nf3 b6 8. Bd3
dxc4 9. Bxc4 Nbd7 10. O-O Bb7 11. Qe2 Ne4 12. Bxe7 Qxe7 13. Nxe4 Bxe4 14.
Nd2 Bb7 15. Rac1 c5 16. dxc5 Nxc5 17. Rfd1 Rfd8 18. Nf3 Rac8 19. b3 Qf6 20.
Rd4 Rxd4 21. Nxd4 Ne4 22. f3 Nd6 23. Rc2 e5 24. Nb5 Nxc4 25. Rxc4 Rd8 26.
Rc1 a6 27. Nc3 b5 28. Nd1 Qb6 29. Nb2 Qa5 30. Nd3 e4 31. fxe4 Bxe4 32. Rd1
Bxd3 33. Rxd3 Rxd3 34. Qxd3 Qe1+ 35. Qf1 Qxe3+ 36. Kh1 Qd2 37. Qb1 a5 38. a4
bxa4 39. bxa4 Qb4 40. Qd1 Kh7 41. Qd3+ g6 42. Qf1 Kg7 43. Qa1+ Kg8 44. Qd1
h5 45. Qd8+ Kg7 46. Qd1 Qf4 47. Qa1+ Qf6 48. Qe1 Qd4 49. h3 Qxa4 50. Qe5+
Kh7 51. Qd5 Qa1+ 52. Kh2 Kg7 53. Kg3 a4 54. Kh2 a3 55. Qa5 a2 56. Qb5 Qf6
57. Qa4 a1=Q 58. Qxa1 Qxa1 59. h4 Qe5+ 60. Kh3 f5 61. g3 f4 62. gxf4 Qxf4
63. Kg2 Qxh4 64. Kf3 Qg4+ 65. Kf2 Kf6 66. Ke3 Qf5 67. Ke2 Qf4 68. Kd3 Qe5
69. Kd2 Qe4 70. Kd1 Qg2 71. Ke1 Ke5 72. Kd1 Kd4 73. Ke1 Kd3 74. Kd1 Qd2#
{White checkmated}
0-1

[Event "ICC tourney 3198 (30 10)"]
[Site "Internet Chess Club"]
[Date "2023.05.20"]
[Round "4"]
[White "QI, JENNY:eevee11"]
[Black "Belous, Vladimir:Openyagami"]
[Result "0-1"]
[ICCResult "White checkmated"]
[WhiteElo "1807"]
[BlackElo "2594"]
[Opening "Sicilian: Labourdonnais-Löwenthal (Kalashnikov) variation"]
[ECO "B32"]
[NIC "SI.32"]
[Time "18:00:59"]
[PlyCount "108"]
[TimeControl "1800+10"]

1. e4 c5 2. Nf3 Nc6 3. d4 cxd4 4. Nxd4 e5 5. Nb5 d6 6. N1c3 a6 7. Na3 b5 8.
Nd5 Nge7 9. c4 Nxd5 10. exd5 Nd4 11. cxb5 g6 12. Bd3 Bg7 13. O-O O-O 14. Be3
Nf5 15. Qd2 Nxe3 16. fxe3 f5 17. Qe2 e4 18. Bc4 Qb6 19. Kh1 Bd7 20. Rab1 Bh6
21. Rfe1 f4 22. exf4 Rxf4 23. Rf1 Bg4 24. Qc2 axb5 25. Bxb5 e3 26. Rxf4 Bxf4
27. Rf1 Be5 28. Be2 Bxe2 29. Qxe2 Qxb2 30. Qxb2 Bxb2 31. Nc4 e2 32. Re1 Rf8
33. Ne3 Bd4 34. g3 Bxe3 35. Rxe2 Bc5 36. Kg2 Ra8 37. Kf3 Ra4 38. Rd2 Kg7 39.
h3 Kf6 40. g4 Ke5 41. Kg3 Ra3+ 42. Kg2 Kf4 43. Kh2 Kf3 44. Rg2 Be3 45. Rg3+
Kf2 46. Rg2+ Kf1 47. Kh1 Bf2 48. Kh2 Rxa2 49. Kh1 Ra3 50. Kh2 g5 51. h4 Bd4
52. h5 Be5+ 53. Kh1 Rh3+ 54. Rh2 Rxh2# {White checkmated} 0-1

[Event "ICC tourney 3198 (30 10)"]
[Site "Internet Chess Club"]
[Date "2023.05.20"]
[Round "4"]
[White "OPASKA, MICHAEL:mopaska1106"]
[Black "YUAN, SERENA:doudou2011"]
[Result "1-0"]
[ICCResult "Black resigns"]
[WhiteElo "1934"]
[BlackElo "1865"]
[Opening "QGD: exchange, positional line, 5...c6"]
[ECO "D35"]
[NIC "QO.16"]
[Time "18:00:10"]
[PlyCount "75"]
[TimeControl "1800+10"]

1. d4 d5 2. c4 e6 3. Nc3 Nf6 4. cxd5 exd5 5. Bg5 c6 6. e3 Be7 7. Bd3 O-O 8.
Qc2 Nbd7 9. Nge2 Re8 10. O-O Nf8 11. Rad1 g6 12. f3 Ne6 13. Bh6 Ng7 14. e4
dxe4 15. fxe4 Ng4 16. Bf4 Ne6 17. Bc4 Bg5 18. Bxe6 Bxe6 19. Qd2 Bxf4 20.
Qxf4 Kg7 21. h3 Nf6 22. b3 Nh5 23. Qe3 f5 24. d5 cxd5 25. exd5 Bf7 26. Qd4+
Qf6 27. g4 Qxd4+ 28. Rxd4 fxg4 29. hxg4 g5 30. gxh5 Bxh5 31. Ng3 Bg6 32.
Nce4 h6 33. d6 Rad8 34. Rc1 Rc8 35. Rc7+ Rxc7 36. dxc7 Rc8 37. Rd7+ Kf8 38.
Nd6 {Black resigns} 1-0

[Event "ICC tourney 3198 (30 10)"]
[Site "Internet Chess Club"]
[Date "2023.05.20"]
[Round "4"]
[White "HEBDEN, MARK L:mhebden"]
[Black "MAMMADOV, ZAUR:zaur94"]
[Result "1/2-1/2"]
[ICCResult "Game drawn by mutual agreement"]
[WhiteElo "2554"]
[BlackElo "2541"]
[Opening "QGD Slav: 4.e3"]
[ECO "D11"]
[NIC "QP.08"]
[Time "18:00:04"]
[PlyCount "84"]
[TimeControl "1800+10"]

1. d4 d5 2. Nf3 Nf6 3. c4 c6 4. e3 Bg4 5. h3 Bh5 6. Nc3 e6 7. g4 Bg6 8. Ne5
Nbd7 9. Nxg6 hxg6 10. Qe2 Bd6 11. Bg2 Qe7 12. Bd2 O-O-O 13. O-O-O Kb8 14.
Kb1 dxc4 15. Qxc4 e5 16. Qb3 Nb6 17. g5 Nfd7 18. Ne4 exd4 19. exd4 Nd5 20.
Rhe1 N7b6 21. a4 Qc7 22. a5 Nc8 23. Nc5 Bxc5 24. dxc5 a6 25. Qg3 Nce7 26.
Qxc7+ Kxc7 27. Bf4+ Nxf4 28. Rxe7+ Kc8 29. Rxd8+ Rxd8 30. Bf3 f5 31. gxf6
gxf6 32. Re4 g5 33. h4 Rh8 34. hxg5 fxg5 35. Bg4+ Kb8 36. Re5 Rh2 37. Rxg5
Rxf2 38. Rf5 Nd3 39. Rxf2 Nxf2 40. Bf5 Nd1 41. Ka2 Ne3 42. Bd3 Kc7
{Game drawn by mutual agreement}
1/2-1/2

[Event "ICC tourney 3198 (30 10)"]
[Site "Internet Chess Club"]
[Date "2023.05.20"]
[Round "4"]
[White "Volkov, Sergey:Volkov"]
[Black "VETTESE, NICHOLAS:FatFluffyCats"]
[Result "1-0"]
[ICCResult "Black resigns"]
[WhiteElo "2503"]
[BlackElo "2388"]
[Opening "Queen's pawn game"]
[ECO "A50"]
[NIC "QP.07"]
[Time "18:00:05"]
[PlyCount "67"]
[TimeControl "1800+10"]

1. d4 Nf6 2. c4 c6 3. Bf4 d6 4. Nf3 g6 5. Nc3 Bg7 6. h3 O-O 7. e3 Nbd7 8.
Be2 Qe8 9. O-O e5 10. Bh2 Qe7 11. b4 e4 12. Nd2 d5 13. b5 Rd8 14. bxc6 bxc6
15. Qa4 Nb6 16. Qxc6 Ba6 17. Qc7 Qa3 18. Rfc1 Rdc8 19. Qd6 Qb2 20. Nb3 Rd8
21. Qb4 Bxc4 22. Rab1 Qxe2 23. Nxe2 Bxe2 24. Bc7 Re8 25. Nc5 Nc4 26. Qb7 a5
27. a4 g5 28. Be5 Rad8 29. Bxf6 Bxf6 30. Nd7 Kg7 31. Qxd5 Re7 32. Rb7 Bd3
33. Qf5 Re6 34. Nxf6 {Black resigns} 1-0

[Event "ICC tourney 3198 (30 10)"]
[Site "Internet Chess Club"]
[Date "2023.05.20"]
[Round "4"]
[White "KONA, VIDIP KUMAR:Vidipkona"]
[Black "HANKE, HARVEY:ThinkingPanda"]
[Result "0-1"]
[ICCResult "White checkmated"]
[WhiteElo "1979"]
[BlackElo "1884"]
[Opening "English opening"]
[ECO "A05"]
[NIC "QP.11"]
[Time "18:00:07"]
[PlyCount "96"]
[TimeControl "1800+10"]

1. Nf3 Nf6 2. c4 g6 3. b4 Bg7 4. Bb2 O-O 5. g3 d6 6. Bg2 a5 7. a3 e5 8. d3
Nc6 9. b5 Ne7 10. O-O Nd7 11. Qc2 f5 12. Nbd2 Rb8 13. a4 b6 14. Nb3 h6 15.
e3 Bb7 16. d4 Be4 17. Qd2 f4 18. c5 Bd5 19. cxd6 cxd6 20. dxe5 dxe5 21. Nc1
e4 22. Nd4 f3 23. Bh3 Nc5 24. Ba3 Kh7 25. Rd1 Qe8 26. Qc2 h5 27. Bxc5 bxc5
28. Qxc5 g5 29. Rb1 g4 30. Bf1 h4 31. gxh4 Bf6 32. Ncb3 Qh5 33. Qd6 Rbd8 34.
Qc7 Qxh4 35. Nf5 Qh5 36. Ng3 Qg5 37. Nd2 Be5 38. Qa7 Ra8 39. Qc5 Rfc8 40.
Qa3 Rc3 41. Nb3 Kg6 42. Qa2 Rh8 43. Rxd5 Nxd5 44. Nd2 Qh4 45. h3 Bxg3 46.
Qxd5 Bxf2+ 47. Kh1 Qxh3+ 48. Bxh3 Rxh3# {White checkmated} 0-1

[Event "ICC tourney 3198 (30 10)"]
[Site "Internet Chess Club"]
[Date "2023.05.20"]
[Round "4"]
[White "BAGCHI, SOUNAK:Chesssaga"]
[Black "GU, MINGHAO:mancogu"]
[Result "0-1"]
[ICCResult "White forfeits on time"]
[WhiteElo "2160"]
[BlackElo "2033"]
[Opening "Sicilian, Chekhover variation"]
[ECO "B53"]
[NIC "SI.02"]
[Time "18:00:59"]
[PlyCount "86"]
[TimeControl "1800+10"]

1. e4 c5 2. Nf3 d6 3. d4 cxd4 4. Qxd4 Nc6 5. Bb5 Bd7 6. Qd3 Nf6 7. c4 g6 8.
Nc3 Bg7 9. O-O O-O 10. h3 a6 11. Bxc6 Bxc6 12. Nd4 Rc8 13. Be3 Nd7 14. Rac1
Nc5 15. Qc2 Bd7 16. b3 Ne6 17. Qd2 Nxd4 18. Bxd4 Bc6 19. Nd5 Bxd4 20. Qxd4
e5 21. Qd2 Bxd5 22. Qxd5 Rc6 23. Rc3 Qc7 24. Rf3 Rc5 25. Qd3 b5 26. cxb5
axb5 27. Rd1 Rd8 28. Rf6 Rc1 29. Rxc1 Qxc1+ 30. Kh2 Qc5 31. Rf3 d5 32. exd5
Rxd5 33. Qc3 Qd6 34. g3 Rc5 35. Qe3 Qd5 36. h4 b4 37. Qe2 Rc1 38. Qd3 Qc6
39. Qe3 Rc3 40. Qxe5 Rxf3 41. Qb8+ Kg7 42. Kg1 Rc3 43. Qe5+ f6
{White forfeits on time}
0-1

[Event "ICC tourney 3198 (30 10)"]
[Site "Internet Chess Club"]
[Date "2023.05.20"]
[Round "4"]
[White "BOYLIN, JOHN:Jupiter2008"]
[Black "XIA, JOSHUA:MathMonkey"]
[Result "0-1"]
[ICCResult "White checkmated"]
[WhiteElo "1915"]
[BlackElo "1997"]
[Opening "Grünfeld: modern exchange variation"]
[ECO "D85"]
[NIC "GI.04"]
[Time "18:00:03"]
[PlyCount "94"]
[TimeControl "1800+10"]

1. d4 Nf6 2. c4 g6 3. Nc3 d5 4. cxd5 Nxd5 5. e4 Nxc3 6. bxc3 Bg7 7. Nf3 c5
8. h3 O-O 9. Be2 Nc6 10. Be3 Qa5 11. O-O Rd8 12. d5 Ne5 13. Qc2 b6 14. Nxe5
Bxe5 15. Rac1 Bd7 16. f4 Ba4 17. Qd3 c4 18. Qd2 Bg7 19. Bd4 b5 20. f5 Qc7
21. Kh1 Qd6 22. Rf3 Rac8 23. Bxg7 Kxg7 24. Rcf1 f6 25. fxg6 hxg6 26. Rf4 a5
27. Bg4 Rb8 28. Be6 b4 29. Qd4 Rf8 30. Rg4 Qb6 31. Qd2 bxc3 32. Qxc3 Qb2 33.
Qg3 Be8 34. Rxg6+ Bxg6 35. Bf5 Rg8 36. Qxg6+ Kf8 37. Qh6+ Ke8 38. Bg6+ Kd7
39. d6 Qe2 40. Rg1 Rh8 41. Qg7 Rxh3+ 42. gxh3 Qf3+ 43. Rg2 Rb1+ 44. Kh2 Qf4+
45. Rg3 Rb2+ 46. Kh1 Qf1+ 47. Rg1 Qxh3# {White checkmated} 0-1

[Event "ICC tourney 3198 (30 10)"]
[Site "Internet Chess Club"]
[Date "2023.05.20"]
[Round "4"]
[White "Stevens, Adam Benjamin:adambenstevens"]
[Black "CHINNI, RISHABH:alphachesplayer"]
[Result "0-1"]
[ICCResult "White resigns"]
[WhiteElo "1869"]
[BlackElo "1987"]
[Opening "Scotch gambit"]
[ECO "C44"]
[NIC "SO.06"]
[Time "18:00:07"]
[PlyCount "146"]
[TimeControl "1800+10"]

1. e4 e5 2. Nf3 Nc6 3. d4 exd4 4. Bc4 Bc5 5. Ng5 Nh6 6. Nxf7 Nxf7 7. Bxf7+
Kxf7 8. Qh5+ g6 9. Qxc5 d6 10. Qc4+ Be6 11. Qe2 Re8 12. O-O Kg8 13. Bf4 Qf6
14. Bg3 Ne5 15. Nd2 Nd7 16. Rfe1 Rad8 17. f3 Kg7 18. Bf2 c5 19. b3 Ne5 20.
Bg3 g5 21. Rf1 Ng6 22. Qb5 b6 23. Nc4 Bxc4 24. Qxc4 Nf4 25. Rfe1 h5 26. a4
a5 27. Qa6 Rb8 28. Rad1 h4 29. Bxf4 Qxf4 30. e5 dxe5 31. Re4 Qf6 32. Rde1
Rbd8 33. Qe2 Rd5 34. Qc4 Qd6 35. Qd3 Qf6 36. Qc4 Rd7 37. Qe2 Rde7 38. Qd2
Qf5 39. Rg4 Kf6 40. Rge4 Rh8 41. h3 Rc8 42. Qd3 Rc6 43. Qc4 Qe6 44. Qb5 Qd5
45. Qa6 Qd7 46. Qe2 Qd5 47. Qa6 Rd6 48. Qc8 Rd8 49. Qg4 Qd7 50. f4 Qxg4 51.
fxe5+ Rxe5 52. hxg4 Rde8 53. Rf1+ Kg7 54. Rxe5 Rxe5 55. Kh2 Re4 56. Kh3 Re3+
57. Kh2 Re2 58. Rc1 Re4 59. Kh3 Re3+ 60. Kh2 Rc3 61. Re1 Rxc2 62. Re6 d3 63.
Rxb6 d2 64. Rd6 Kf7 65. Kh3 Ke7 66. Rd5 Ke6 67. Rd8 Ke5 68. g3 hxg3 69. Kxg3
Ke4 70. Rd7 Rc3+ 71. Kf2 Rd3 72. Re7+ Kd4 73. Rd7+ Kc3 {White resigns} 0-1

[Event "ICC tourney 3198 (30 10)"]
[Site "Internet Chess Club"]
[Date "2023.05.20"]
[Round "4"]
[White "QUIRKE, JEFFREY L:PawnEatingZombi"]
[Black "Yang, Daniel:danielbest"]
[Result "0-1"]
[ICCResult "White resigns"]
[WhiteElo "2176"]
[BlackElo "2073"]
[Opening "King's Indian: 5.Be2"]
[ECO "E73"]
[NIC "KI.27"]
[Time "18:00:16"]
[PlyCount "114"]
[TimeControl "1800+10"]

1. d4 Nf6 2. c4 g6 3. Nc3 Bg7 4. e4 d6 5. Be2 Kf8 6. Nf3 Nbd7 7. O-O b6 8.
Re1 Bb7 9. Bf1 e5 10. d5 a5 11. Bg5 h6 12. Bh4 g5 13. Bg3 Kg8 14. Nd2 Nf8
15. a3 Ng6 16. f3 h5 17. b4 g4 18. Bf2 Bc8 19. c5 bxc5 20. bxc5 h4 21. cxd6
cxd6 22. Nc4 Ba6 23. Bb6 Qc8 24. Na4 Bxc4 25. Rc1 g3 26. Rxc4 gxh2+ 27. Kxh2
Qe8 28. Qc2 Nh5 29. Rc7 Bh6 30. Qc6 Qf8 31. Qd7 Qg7 32. Rc8+ Rxc8 33. Qxc8+
Kh7 34. Qg4 Nf6 35. Qf5 Bf4+ 36. Kg1 Kh6 37. Bf2 Bg3 38. Nc3 Nh5 39. Nd1
Ngf4 40. Qg4 Qxg4 41. fxg4 Bxf2+ 42. Kxf2 Nf6 43. Kf3 Kg5 44. Ne3 Rc8 45.
Nc4 Nxg4 46. Rc1 Nh2+ 47. Kf2 Nxf1 48. Kxf1 Rc5 49. Rc2 f5 50. exf5 Nxd5 51.
Kf2 Nb6 52. f6 Kxf6 53. Ne3 Rxc2+ 54. Nxc2 Kf5 55. Kf3 Nc4 56. a4 d5 57. Ke2
d4 {White resigns} 0-1

[Event "ICC tourney 3198 (30 10)"]
[Site "Internet Chess Club"]
[Date "2023.05.20"]
[Round "4"]
[White "SIMPSON, MICHAEL:MichaelSimpson"]
[Black "LIANG, YU-CHENG:Yucheng"]
[Result "0-1"]
[ICCResult "White resigns"]
[WhiteElo "2100"]
[BlackElo "2197"]
[Opening "QGD: Semi-Tarrasch, 7.Bd3"]
[ECO "A05"]
[NIC "TD.07"]
[Time "18:00:06"]
[PlyCount "130"]
[TimeControl "1800+10"]

1. Nf3 Nf6 2. c4 e6 3. Nc3 c5 4. e3 Nc6 5. d4 d5 6. cxd5 Nxd5 7. Bd3 cxd4 8.
exd4 Be7 9. O-O O-O 10. Re1 Bf6 11. a3 g6 12. Bh6 Re8 13. Be4 Nce7 14. Rc1
Bd7 15. Ne5 Rc8 16. Qf3 Bxe5 17. dxe5 Bc6 18. Bg5 Nxc3 19. Rxc3 Bxe4 20.
Rxe4 Rxc3 21. bxc3 Qd5 22. Qe2 Qc5 23. Qb2 b6 24. Qb4 Qxb4 25. cxb4 Rc8 26.
h3 Nd5 27. Re1 Rc3 28. Rc1 Rxa3 29. Bf6 Rc3 30. Ra1 Rc7 31. b5 h6 32. Kf1
Kh7 33. Bd8 Rd7 34. Bh4 g5 35. Bg3 Nc3 36. Rc1 Rd1+ 37. Rxd1 Nxd1 38. Ke2
Nc3+ 39. Kd3 Nxb5 40. Kc4 Nc7 41. Bh2 a6 42. g4 Nd5 43. f3 Kg7 44. Bg1 Kf8
45. Bf2 Ke7 46. h4 Kd7 47. Be1 Kc6 48. hxg5 hxg5 49. Bd2 Nf4 50. Bb4 a5 51.
Be7 b5+ 52. Kd4 Nh3 53. Bd8 b4 54. Bxa5 Kb5 55. Bd8 Ng1 56. Ke4 b3 57. Kd3
Nxf3 58. Kc3 Ka4 59. Be7 Nxe5 60. Bxg5 Nxg4 61. Kb2 e5 62. Be7 f5 63. Kc3 f4
64. Bd6 f3 65. Bc5 f2 {White resigns} 0-1

[Event "ICC tourney 3198 (30 10)"]
[Site "Internet Chess Club"]
[Date "2023.05.20"]
[Round "4"]
[White "LOCHAM, DIVJOT SINGH:winner08"]
[Black "SRIPADA, Havish:brilliantnessme"]
[Result "0-1"]
[ICCResult "White checkmated"]
[WhiteElo "1868"]
[BlackElo "2142"]
[Opening "Sicilian: Canal-Sokolsky attack, 3...Bd7"]
[ECO "B52"]
[NIC "SI.01"]
[Time "18:01:19"]
[PlyCount "132"]
[TimeControl "1800+10"]

1. e4 c5 2. Nf3 d6 3. Bb5+ Bd7 4. Bxd7+ Qxd7 5. O-O Nf6 6. Re1 g6 7. c3 Bg7
8. d4 cxd4 9. cxd4 O-O 10. Nc3 Nc6 11. d5 Ne5 12. Nxe5 dxe5 13. h3 b5 14.
Be3 b4 15. Na4 Nxe4 16. Qb3 Qb5 17. Rac1 Rfd8 18. Rc7 Qxd5 19. Qxd5 Rxd5 20.
Rxe7 Ra5 21. b3 Nc3 22. Nxc3 bxc3 23. Rc7 e4 24. a4 Be5 25. Rc4 f5 26. Rd1
Kf7 27. Bg5 Ke8 28. f4 exf3 29. gxf3 h6 30. Bxh6 Rd8 31. Rxd8+ Kxd8 32. Kf1
Rd5 33. Ke2 Kd7 34. Be3 Kd6 35. f4 Bf6 36. b4 a6 37. Bc5+ Kd7 38. Be3 Bg7
39. Rc5 Rxc5 40. Bxc5 Kc6 41. Kd3 Kd5 42. Be7 Kc6 43. Bc5 Kd5 44. Bf2 c2 45.
Kxc2 Kc4 46. Be1 Bf8 47. Kb2 Bxb4 48. Bf2 Bd6 49. Bg3 Kb4 50. Kc2 Kxa4 51.
Kd3 Kb3 52. Be1 Bxf4 53. Ke2 Bc7 54. Kf3 a5 55. Bxa5 Bxa5 56. h4 Bd2 57. Ke2
Kc3 58. Kf3 Kd3 59. h5 gxh5 60. Kg3 f4+ 61. Kf3 h4 62. Kg4 Ke2 63. Kh3 f3
64. Kxh4 f2 65. Kg3 f1=Q 66. Kh2 Bf4# {White checkmated} 0-1

[Event "ICC tourney 3198 (30 10)"]
[Site "Internet Chess Club"]
[Date "2023.05.20"]
[Round "5"]
[White "VETTESE, NICHOLAS:FatFluffyCats"]
[Black "OPASKA, MICHAEL:mopaska1106"]
[Result "1-0"]
[ICCResult "Black resigns"]
[WhiteElo "2388"]
[BlackElo "1934"]
[Opening "Caro-Kann: advance variation"]
[ECO "B12"]
[NIC "CK.04"]
[Time "20:00:21"]
[PlyCount "67"]
[TimeControl "1800+10"]

1. e4 c6 2. d4 d5 3. e5 Bf5 4. h4 h5 5. c4 e6 6. Nc3 Bb4 7. Qb3 Bxc3+ 8.
bxc3 Qc7 9. Ba3 Ne7 10. Bd6 Qc8 11. c5 Nd7 12. Qa3 f6 13. exf6 gxf6 14. Ne2
Kf7 15. Ng3 Bg6 16. Be2 Nf5 17. Nxf5 Bxf5 18. f3 b5 19. g4 hxg4 20. fxg4 Be4
21. Rh2 a5 22. Qb2 Nf8 23. Qd2 Nh7 24. g5 Rg8 25. O-O-O b4 26. c4 Qb7 27.
Kb2 a4 28. Ka1 a3 29. Bh5+ Kg7 30. gxf6+ Kh8 31. Be5 b3 32. axb3 Qxb3 33.
f7+ Rg7 34. Rg1 {Black resigns} 1-0